 Dungeon Crawl Stone Soup version 0.24-a0-520-g8fd06ad0bc (webtiles) character file.

Game seed: 12711848850365482235

7963 KristoblXynda the Carver (level 11, -9/82 HPs)
             Began as a Pale Draconian Skald on July 26, 2019.
             Was a Believer of Yredelemnul.
             Killed by divine providence
             ... invoked by an orc priest
              (17 damage)
             ... on level 11 of the Dungeon.
             The game lasted 00:20:23 (11441 turns).

KristoblXynda the Carver (Pale Draconian Skald)    Turns: 11441, Time: 00:20:23

Health: -9/82      AC: 10    Str: 14    XL:     11   Next: 3%
Magic:  17/17      EV: 17    Int: 17    God:    Yredelemnul [**....]
Gold:   639        SH:  5    Dex: 16    Spells: 9/18 levels left

rFire    . . .     SeeInvis +   w - +2 falchion (freeze)
rCold    . . .     Gourm    .   a - +0 buckler
rNeg     + . .     Faith    .   (armour unavailable)
rPois    .         Spirit   .   r - +0 hat
rElec    .         Reflect  .   (no cloak)
rCorr    .         Harm     .   l - +1 pair of gloves
MR       .....                  q - +0 pair of boots of the True Pharaoh {rN+ Dex+6}
Stlth    ++........             s - amulet of regeneration
HPRegen  0.63/turn              x - ring of stealth
MPRegen  0.15/turn              u - ring of see invisible

@: no status effects
A: breathe steam, unfitting armour, cold-blooded, AC +7
a: Breathe Steam, Animate Remains, Recall Undead Slaves, Injury Mirror, Renounce
Religion


You were on level 11 of the Dungeon.
You worshipped Yredelemnul.
Yredelemnul was pleased with you.
You were hungry.

You visited 2 branches of the dungeon, and saw 12 of its levels.

You collected 639 gold pieces.

Inventory:

Hand Weapons
 w - a +2 falchion of freezing (weapon)
 C - a +0 hand axe of flaming
Armour
 a - a +0 buckler (worn)
 l - a +1 pair of gloves (worn)
 q - the +0 pair of boots of the True Pharaoh (worn) {rN+ Dex+6}
   (You found it on level 4 of the Dungeon)

   It affects your dexterity (+6).
   It protects you from negative energy.
 r - a +0 hat (worn)
Jewellery
 k - an uncursed amulet of the acrobat
 s - an amulet of regeneration (around neck)
 u - a ring of see invisible (right hand)
 x - a ring of stealth (left hand)
 B - an uncursed ring of resist corrosion
Wands
 o - a wand of iceblast (2)
 y - a wand of paralysis (3)
 E - a wand of acid (9)
Scrolls
 d - 3 scrolls of amnesia
 f - 8 scrolls of remove curse
 h - 4 scrolls of immolation
 n - 2 scrolls of fear
 A - 6 scrolls of blinking
 G - a scroll of enchant armour {unknown}
 H - a scroll of fog
 J - a scroll of enchant weapon
Potions
 c - 2 potions of flight
 e - 2 potions of magic
 g - 4 potions of haste
 i - a potion of invisibility {unknown}
 p - 2 potions of mutation
 t - a potion of brilliance {unknown}
 v - 2 potions of ambrosia {unknown}
 z - a potion of might
 D - a potion of resistance {unknown}
 F - 2 potions of lignification {unknown}
Comestibles
 m - 16 rations
 I - 3 chunks of flesh


   Skills:
 - Level 3.1 Fighting
 + Level 9.8 Long Blades
 + Level 6.9 Dodging
 - Level 4.3 Shields
 + Level 4.2 Spellcasting
 - Level 5.1 Hexes
 - Level 6.0 Charms
 + Level 6.6 Invocations


You had 9 spell levels left.
You knew the following spells:

 Your Spells              Type           Power        Failure   Level  Hunger
b - Regeneration          Chrm/Necr      ##........   13%         3    ###....
c - Tukima's Dance        Hex            ###.....     5%          3    ###....
d - Spectral Weapon       Hex/Chrm       ###.....     4%          3    ###....

Your spell library contained the following spells:

 Spells                   Type           Power        Failure   Level  Hunger
 Corona                   Hex            ###....      1%          1    None
 Infusion                 Chrm           ###.         1%          1    None
 Song of Slaying          Chrm           ###.....     1%          2    ##.....
 Confuse                  Hex            ###.....     5%          3    ###....
 Shroud of Golubria       Chrm/Tloc      ##....       7%          2    ##.....
 Ensorcelled Hibernation  Hex/Ice        ##....       9%          2    ##.....
 Dazzling Spray           Conj/Hex       ##....       16%         3    ###....


Dungeon Overview and Level Annotations

Branches:
Dungeon (11/15)            Temple (1/1) D:6            Lair (0/6) D:9
    Orc (0/2) D:11

Altars:
Ashenzari
Cheibriados
Dithmenos
Elyvilon
Fedhas
Gozag
Hepliaklqana
Kikubaaqudgha
Makhleb
Nemelex Xobeh
Okawaru
Qazlal
Ru
Sif Muna
Trog
Uskayaw
Vehumet
Wu Jian
Xom
Yredelemnul
Zin
The Shining One

Shops:
D:8 *   D:10 (


Innate Abilities, Weirdness & Mutations

You can breathe blasts of scalding, opaque steam.
Your pale cyan-grey scales are hard. (AC +7)
You cannot fit into any form of body armour.
You are cold-blooded and may be slowed by cold attacks.


Message History

Unknown command.
You slash the orc! You freeze the orc.
You kill the orc!
Yredelemnul accepts your kill.
The orc priest invokes the aid of Beogh against you.
Beogh smites you!
* * * LOW HITPOINT WARNING * * *
An orc comes into view.
It is wielding a -2 flail and wearing a +0 leather armour of magic resistance.
You hear a shout!
Evoke which item? (* to show all) (? for menu, Esc to quit)
Aiming: Iceblast
Press: ? - help, Shift-Dir - straight line The mass of ice explodes!
The iceblast engulfs the orc priest!
The orc priest is heavily wounded.
You hear a shout! x2
An orc comes into view. It is wielding a +0 flail.
The orc priest calls down the wrath of Beogh upon you.
Beogh smites you!
You die...
Your body rises from the dead as a mindless zombie.

####### ####
#.≈...#.....
#≈...%#..%o.
#..?.......>
.o.Joo.....
#ok.%.....
#.....!o..
#@)o).....
##########


You could see a swamp drake, an orc warrior, a jelly, an orc priest, an orc
wizard and 4 orcs.

Vanquished Creatures
  A sixfirhy (D:9)
  Pikel (D:6)
  2 ugly things (D:11)
  A cyclops (D:11)
  Joseph (D:9)
  A komodo dragon (D:10)
  A troll (D:11)
  A hippogriff (D:11)
  A spriggan (D:8)
  5 yaks (D:9)
  2 hungry ghosts
  A water moccasin (D:5)
  3 orc warriors
  2 ice beasts
  2 black bears (D:10)
  2 slaves (D:6)
  A phantom (D:10)
  5 ogres
  2 centaurs
  A crocodile (D:7)
  2 big kobolds (D:5)
  4 bullfrogs
  A wyvern skeleton (D:11)
  8 wights (D:8)
  6 howler monkeys
  5 crimson imps
  7 hounds
  3 jellies
  7 orc priests
  A bullfrog skeleton (D:5)
  Ijyb (D:5)
  2 iguanas
  6 orc wizards
  4 worker ants
  A howler monkey skeleton (D:5)
  14 adders
  3 gnolls
  2 shadow imps
  2 adder zombies
  3 worms
  A dart slug (D:5)
  9 leopard geckos
  22 orcs
  2 giant cockroaches
  A goblin (D:2)
  3 hobgoblins
  4 jackals (D:4)
  3 quokkas
  2 ball pythons (D:2)
  8 bats
  6 frilled lizards
  13 kobolds
  4 rats
196 creatures vanquished.

Vanquished Creatures (collateral kills)
  A worker ant (D:9)
1 creature vanquished.

Vanquished Creatures (others)
  An adder zombie (D:9)
  A plant (D:5)
2 creatures vanquished.

Grand Total: 199 creatures vanquished

Notes
Turn   | Place    | Note
-------+----------+-------------------------------------------
     0 | D:1      | KristoblXynda the Draconian Skald began the quest for the
                  | Orb.
     0 | D:1      | Reached XP level 1. HP: 17/17 MP: 3/3
   511 | D:1      | Reached XP level 2. HP: 2/24 MP: 5/5
  1820 | D:2      | Reached skill level 3 in Long Blades
  1820 | D:2      | Reached XP level 3. HP: 15/29 MP: 1/6
  2121 | D:2      | Found an opulent altar of Gozag.
  2509 | D:3      | Learned a level 3 spell: Regeneration
  3157 | D:3      | Reached XP level 4. HP: 30/36 MP: 7/7
  4847 | D:4      | Reached skill level 4 in Long Blades
  4847 | D:4      | Reached XP level 5. HP: 19/41 MP: 4/8
  5077 | D:4      | Got a pair of translucent boots
  5089 | D:4      | Identified the +0 pair of boots of the True Pharaoh {rN+
                  | Dex+6} (You found it on level 4 of the Dungeon)
  5115 | D:4      | Found a hide-covered altar of Uskayaw.
  5499 | D:5      | Entered Level 5 of the Dungeon
  5730 | D:5      | Reached XP level 6. HP: 30/48 MP: 1/9
  5753 | D:5      | Reached skill level 5 in Long Blades
  5773 | D:5      | Your scales start taking on a pale cyan-grey colour.
  5773 | D:5      | Reached XP level 7. HP: 18/55 MP: 0/10
  5838 | D:5      | Reached skill level 6 in Long Blades
  6087 | D:5      | Noticed Ijyb
  6090 | D:5      | Paralysed by Ijyb for 7 turns
  6109 | D:5      | Killed Ijyb
  6125 | D:5      | Learned a level 3 spell: Tukima's Dance
  6129 | D:5      | Learned a level 3 spell: Spectral Weapon
  6179 | D:5      | Found an ornate altar of the Wu Jian Council.
  6182 | D:5      | Found a sacrificial altar of Ru.
  6182 | D:5      | Found a stormy altar of Qazlal.
  6280 | D:5      | Reached skill level 5 in Charms
  6280 | D:5      | Reached XP level 8. HP: 33/62 MP: 11/11
  7120 | D:6      | Reached skill level 5 in Dodging
  7120 | D:6      | Reached skill level 1 in Hexes
  7359 | D:6      | Noticed Pikel
  7401 | D:6      | Killed Pikel
  7401 | D:6      | Reached skill level 7 in Long Blades
  7570 | D:6      | Found a staircase to the Ecumenical Temple.
  7590 | Temple   | Entered the Ecumenical Temple
  7773 | Temple   | Became a worshipper of Yredelemnul the Dark
  8119 | D:7      | Reached XP level 9. HP: 60/69 MP: 12/12
  8647 | D:7      | Reached skill level 1 in Invocations
  8803 | D:8      | Found a shattered altar of Ashenzari.
  8833 | D:8      | Found Emall's Assorted Antiques.
  8919 | D:8      | Reached * piety under Yredelemnul
  8984 | D:8      | Reached skill level 8 in Long Blades
  9195 | D:8      | Reached skill level 1 in Shields
  9549 | D:9      | Reached XP level 10. HP: 20/77 MP: 13/13
  9847 | D:9      | Identified the +4 spear of Charity {freeze, rF- MR+ Str+3}
 10182 | D:9      | Found a runed translucent door.
 10182 | D:9      | Noticed a sixfirhy
 10190 | D:9      | Found a staircase to the Lair.
 10209 | D:9      | Noticed Joseph
 10230 | D:9      | Killed Joseph
 10230 | D:9      | Reached skill level 5 in Hexes
 10303 | D:9      | Killed a sixfirhy
 10303 | D:9      | Reached skill level 9 in Long Blades
 10303 | D:9      | Reached skill level 5 in Invocations
 10327 | D:10     | Entered Level 10 of the Dungeon
 10548 | D:10     | Reached ** piety under Yredelemnul
 10696 | D:10     | Found Dyj Tani's Antique Weapon Boutique.
 10833 | D:10     | Found a sacrificial altar of Ru.
 11256 | D:11     | Noticed a purple ugly thing
 11259 | D:11     | Noticed a green ugly thing
 11268 | D:11     | Noticed a brown ugly thing
 11279 | D:11     | Killed a brown ugly thing
 11308 | D:11     | Killed a purple ugly thing
 11419 | D:11     | Noticed a cyclops
 11429 | D:11     | Killed a cyclops
 11429 | D:11     | Reached XP level 11. HP: 9/82 MP: 17/17
 11437 | D:11     | Found a staircase to the Orcish Mines.
 11441 | D:11     | Killed from afar by an orc priest

Levels and vault maps discovered:
D:1:      dpeg_arrival_long_road, layout_basic, minmay_pentomino_u4
D:2:      layout_loops_ring, overflow_temple_1_default, grunt_decor_cap
D:3:      layout_basic
D:4:      layout_basic, marbit_many_paths
D:5:      layout_loops_cross, grunt_temple_overflow_open, first_ration,
          lexackson_kobold_supper, uniq_ijyb
D:6:      layout_rooms, minmay_temple_entry_hall, uniq_pikel
D:7:      layout_basic, palyth_stone_intersect
D:8:      layout_loops_ring, cheibrodos_ashenzari_chains, serial_shops,
          nicolae_shop_stone, the_bakery
D:9:      cheibrodos_shockbox, layout_basic, lair_entry_dummy, uniq_joseph
D:10:     layout_irregular_city, serial_shops, shop_fountains,
          nicolae_ru_path_of_blood
D:11:     minmay_the_grid_net [minmay_the_grid_doors, minmay_the_grid_dragon_a,
          minmay_the_grid_medium_cups, minmay_the_grid_pillar_ring,
          minmay_the_grid_x, minmay_the_grid_prize_big_room], layout_rooms,
          erik_orc_1, minmay_joined_circles
Temple:   nicolae_temple_elliptical

Skill      XL: |  1  2  3  4  5  6  7  8  9 10 |
---------------+-------------------------------+-----
Charms         | 3 4 5 6 |  6.0
Long Blades    | 3 4 5 6 7 8 9 |  9.8
Dodging        | 3 4 5 6 |  6.9
Fighting       | 3 |  3.1
Hexes          | 2 4 5 |  5.1
Invocations    | 4 6 |  6.6
Shields        | 3 4 |  4.3
Spellcasting   | 4 |  4.2

Action                   |  1- 3 |  4- 6 |  7- 9 | 10-12 || total
-------------------------+-------+-------+-------+-------++-------
Melee: Falchion          |   126 |   135 |   331 |   162 ||   754
       Tailslap          |    11 |    19 |    75 |    35 ||   140
 Cast: Infusion          |     5 |     9 |     1 |       ||    15
Invok: Animate Remains   |       |       |       |     1 ||     1
 Abil: Breathe Steam     |       |       |    26 |    15 ||    41
Evoke: Wand              |       |     1 |     2 |     7 ||    10
  Use: Scroll            |       |     4 |    12 |     2 ||    18
       Potion            |       |     1 |       |     4 ||     5
 Stab: Sleeping          |     1 |       |     3 |     1 ||     5
       Paralysed         |       |       |       |     7 ||     7
  Eat: Ration            |     2 |     1 |     2 |       ||     5
       Chunk             |       |     5 |     9 |     8 ||    22
Armor: Skin              |    45 |    54 |    74 |    28 ||   201
Dodge: Dodged            |   100 |   133 |   226 |    92 ||   551
Block: Buckler           |       |       |    12 |    38 ||    50
       Rpst.: Falchion   |    34 |    46 |    62 |    21 ||   163

Table legend:
 A = Non-vault XP
 B = Vault XP
 C = Vault XP percentage of total XP
 D = Non-vault monster count
 E = Vault monster count
 F = Vault count percentage of total count
                 A         B        C        D         E       F
            +---------+---------+-------+---------+---------+-------
      Total |    7517 |    3860 |  33.9 |     168 |      27 |  13.8
            +---------+---------+-------+---------+---------+-------
        D:1 |      19 |       6 |  24.0 |      12 |       4 |  25.0
        D:2 |      59 |       0 |   0.0 |      14 |       0 |   0.0
        D:3 |      90 |       0 |   0.0 |      15 |       0 |   0.0
        D:4 |      85 |      43 |  33.6 |       7 |       1 |  12.5
        D:5 |    1119 |     155 |  12.2 |      24 |       9 |  27.3
        D:6 |     313 |     586 |  65.2 |      18 |       1 |   5.3
        D:7 |     616 |       0 |   0.0 |      10 |       0 |   0.0
        D:8 |     932 |     211 |  18.5 |      20 |       1 |   4.8
        D:9 |    1814 |    1172 |  39.2 |      21 |       2 |   8.7
       D:10 |    1482 |       0 |   0.0 |      19 |       0 |   0.0
       D:11 |     988 |    1687 |  63.1 |       8 |       9 |  52.9
            +---------+---------+-------+---------+---------+-------
